 Dungeon Crawl Stone Soup version 0.31-a0-188-g5e087ee2ca (webtiles) character file.

Game seed: 4341305265206782091

4144 qw the Markself (level 10, -3/56 HPs)
             Began as a Deep Elf Hunter on June 23, 2023.
             Was a Follower of Okawaru.
             Killed from afar by an acid dragon (37 damage)
             ... with a splash of acid
             ... on level 9 of the Dungeon.
             The game lasted 00:02:44 (7407 turns).

qw the Markself (Deep Elf Hunter)                   Turns: 7407, Time: 00:02:44

Health: -3/56      AC:  9    Str: 12    XL:     10   Next: 7%
Magic:  13/15      EV: 24    Int: 15    God:    Okawaru [*.....]
Gold:   333        SH:  0    Dex: 23    Spells: 9/9 levels left

rFire   . . .        m - +1 orcbow (heavy)
rCold   . . .        (shield currently unavailable)
rNeg    . . .        p - +0 leather armour of the Gloaming {rPois Dex+5}
rPois   +            i - +1 helmet {SInv}
rElec   .            (no cloak)
rCorr   .            n - +1 pair of gloves
SInv    +            c - +0 pair of boots
Will    +....        (no amulet)
Stlth   ++++         t - +3 ring of evasion
HPRegen 0.29/turn    (no ring)
MPRegen 0.14/turn

%: no passive effects
@: heroic
A: no striking features
a: Renounce Religion, Heroism


You were on level 9 of the Dungeon.
You worshipped Okawaru.
Okawaru was aware of your devotion.
You visited 1 branch of the dungeon, and saw 9 of its levels.

You collected 463 gold pieces.
You spent 130 gold pieces at shops.


   Skills:
 - Level 4.0(9.0) Fighting
 + Level 15.6(20.6) Ranged Weapons
 - Level 2.2(7.2) Armour
 - Level 7.3(12.3) Dodging
 - Level 1.2(6.2) Stealth
 - Level 4.1 Invocations


You had 9 spell levels left.
You didn't know any spells.
Your spell library was empty.

Inventory:

Hand Weapons
 m - a +1 heavy orcbow (weapon)
Armour
 c - a +0 pair of boots (worn)
 i - a +1 helmet of see invisible (worn)
 n - a +1 pair of gloves (worn)
 p - the +0 leather armour of the Gloaming (worn) {rPois Dex+5}
   (You found it on level 7 of the Dungeon)

   Dex:       It affects your dexterity (+5).
   rPois:     It protects you from poison.
 r - the +5 ring mail of Tupros {Int+5 Dex+2 Slay-4}
   (You found it on level 8 of the Dungeon)

   Int:       It affects your intelligence (+5).
   Dex:       It affects your dexterity (+2).
   Slay:      It affects your accuracy & damage with ranged weapons and melee
   (-4).
Jewellery
 h - a ring of ice
 t - a +3 ring of evasion (left hand)
Scrolls
 a - 7 scrolls of identify
 k - 2 scrolls of teleportation
Potions
 b - a potion of might
 d - a potion of cancellation
 e - 2 potions of heal wounds
 f - a potion of enlightenment
 g - a potion of resistance
 l - 4 potions of curing
 o - 3 potions of haste
 s - 4 potions of mutation

Dungeon Overview and Level Annotations

Branches:
Dungeon (9/15)             Temple (0/1) D:5
   Lair: D:8-11         Orc: D:9-12

Altars:
Cheibriados
Hepliaklqana
Makhleb
Nemelex Xobeh
Okawaru
Trog
Xom

Shops:
D:8 =


Message History

Found a helmet.
Found an escape hatch in the ceiling.
Enter note:
Enter note: You open the door.
There is an open door here.
Found an orcbow.
Enter note:
Enter note: You see here a +0 orcbow.
A wight and a centaur simulacrum come into view.
Enter note:
Enter note: You shoot an arrow.
The arrow hits the centaur simulacrum!!
The centaur simulacrum vaporises!
Okawaru accepts your kill.
You shoot an arrow. The arrow hits the wight!!!
You destroy the wight!
Okawaru accepts your kill.
An acid dragon and a wight come into view.
Found a war axe.
Found a shimmering altar of Xom.
Enter note:
Enter note: You shoot an arrow.
The arrow hits the acid dragon!!
The acid dragon is almost dead.
A killer bee comes into view.
The acid dragon spits acid at you. The splash of acid hits you!!
A yak comes into view.
A vampire comes into view.
The yak bellows!
7406 ||| INVOKING Heroism.
You gain the combat prowess of a mighty hero.
A salamander comes into view.
You shoot an arrow. The killer bee buzzes angrily.
The arrow hits the wight.
The wight is lightly damaged.
The acid dragon spits acid at you. The splash of acid hits you!!!
Ouch! That really hurt!
You die...

#### ...# ...# ...#
##############
.<.####...)........#
[..........####.##.##
...........# #..@...#
...........#
#.##.#..#
..........## #.# .#
... ..........# #.#
). . '#+#......# #)#
z.# ...#......# #.#


.Dy ...#........ ... .Y.. ...#..########.. .N8_ ...#..# #.# You could see a
salamander, a yak, an acid dragon (catching breath), a killer bee and a wight.

Vanquished Creatures
  A hornet (D:7)
  Sigmund (D:3)
  A vampire (D:7)
  A steam dragon (D:7)
  Menkaure (D:4)
  2 water moccasins
  2 orc warriors
  2 ice beasts (D:7)
  4 black bears
  An ogre (D:4)
  A centaur (D:6)
  3 phantoms (D:5)
  2 kobold brigands
  3 bullfrogs
  4 scorpions
  A wight (D:9)
  6 killer bees (D:8)
  4 jellies
  A bullfrog zombie (D:5)
  A centaur zombie (D:5)
  A howler monkey (D:6)
  2 orc priests (D:7)
  2 gnoll boudas
  4 hounds
  Jessica (D:3)
  Terence (D:3)
  2 iguanas
  7 orc wizards
  2 killer bee zombies (D:5)
  A centaur simulacrum (D:9)
  A hound zombie (D:5)
  2 hound skeletons (D:5)
  Robin (D:4)
  7 gnolls
  A howler monkey skeleton (D:5)
  11 adders
  A shadow imp (D:7)
  2 white imps
  2 worms
  4 dart slugs
  21 orcs
  5 endoplasms
  2 giant cockroaches
  10 goblins
  7 hobgoblins
  7 jackals
  15 kobolds
  6 ball pythons
  4 bats
  5 frilled lizards
  A rat (D:2)
180 creatures vanquished.

Vanquished Creatures (others)
  A gnoll (D:7)
1 creature vanquished.

Grand Total: 181 creatures vanquished

Notes
Turn   | Place    | Note
-------+----------+-------------------------------------------
     0 | D:1      | qw the Deep Elf Hunter began the quest for the Orb.
     0 | D:1      | Reached XP level 1. HP: 12/12 MP: 3/3
     0 | D:1      | 0 ||| qw: Version: 0.3-a-9-g12657ce
     0 | D:1      | 0 ||| qw: Game counter: 3932
     0 | D:1      | 0 ||| qw: Always use a shield: true
     0 | D:1      | 0 ||| qw: God list: Okawaru
     0 | D:1      | 0 ||| qw: Allow faded altars: false
     0 | D:1      | 0 ||| qw: Do Orc after D:15 true
     0 | D:1      | 0 ||| qw: Do second Lair branch before Depths: true
     0 | D:1      | 0 ||| qw: Lair rune preference: random
     0 | D:1      | 0 ||| qw: Plans: Normal
     0 | D:1      | 0 ||| PLANNING D:1-11
   130 | D:1      | Reached XP level 2. HP: 16/16 MP: 4/4
   143 | D:1      | Reached skill level 6 in Ranged Weapons
   202 | D:1      | 202 ||| FLEEEEING.
   203 | D:1      | 203 ||| FLEEEEING.
   209 | D:1      | 209 ||| FLEEEEING.
   210 | D:1      | 210 ||| FLEEEEING.
   226 | D:1      | 226 ||| FLEEEEING.
   600 | D:1      | 600 ||| UPGRADING to +0 scale mail.
   610 | D:1      | 610 ||| DROPPING +0 leather armour.
   611 | D:1      | 611 ||| DROPPING ring of wizardry.
   612 | D:1      | 612 ||| READING scroll labelled CISAPE YNIHEDD.
   613 | D:1      | 613 ||| READING scroll labelled HUOVO AFROUFF.
   614 | D:1      | 614 ||| READING scroll labelled ECOCZOC AMOIZI.
   615 | D:1      | 615 ||| READING scroll labelled WISUAR LUENT.
   616 | D:1      | 616 ||| READING 2 scrolls labelled DAMENUXTESS.
   617 | D:1      | 617 ||| DRINKING 2 grey potions.
   618 | D:1      | 618 ||| DROPPING scroll of butterflies.
   884 | D:2      | Reached XP level 3. HP: 20/20 MP: 5/5
  1004 | D:2      | Found an iron altar of Okawaru.
  1005 | D:2      | 1005 ||| PLANNING OKAWARU WORSHIP
  1005 | D:2      | 1005 ||| READING scroll labelled IGATHA DUXTELOL.
  1009 | D:2      | 1009 ||| DRINKING 2 white potions.
  1116 | D:2      | Became a worshipper of Warmaster Okawaru
  1117 | D:2      | 1117 ||| PLANNING D:1-11
  1575 | D:2      | Reached skill level 7 in Ranged Weapons
  1825 | D:2      | 1825 ||| READING scroll labelled TIAQUPRUOQU.
  1825 | D:2      | Identified a scroll of acquirement
  1825 | D:2      | 1825 ||| ACQUIRING +3 shortbow of freezing
  1825 | D:2      | Acquired a +3 shortbow of freezing
  1827 | D:2      | 1827 ||| SWAPPING to +3 shortbow of freezing.
  1828 | D:2      | 1828 ||| DROPPING +0 shortbow.
  2189 | D:3      | Reached XP level 4. HP: 25/25 MP: 6/6
  2243 | D:3      | Noticed Sigmund
  2250 | D:3      | Killed Sigmund
  2250 | D:3      | Reached * piety under Okawaru
  2251 | D:3      | Reached skill level 9 in Ranged Weapons
  2251 | D:3      | Reached XP level 5. HP: 26/29 MP: 7/7
  2368 | D:3      | Noticed Terence
  2369 | D:3      | 2369 ||| INVOKING Heroism.
  2377 | D:3      | Killed Terence
  2378 | D:3      | Reached XP level 6. HP: 35/35 MP: 5/8
  2480 | D:3      | Identified the +4 dagger "Spiderslayer" {flame, *Noise MP+9
                  | Int+2 Dex+6}
  2600 | D:3      | Found a faded altar of an unknown god.
  2604 | D:3      | Found a hazy altar of Hepliaklqana.
  2629 | D:3      | 2629 ||| UPGRADING to +0 ring mail.
  2639 | D:3      | 2639 ||| DROPPING +0 scale mail.
  2640 | D:3      | 2640 ||| UPGRADING to +0 pair of gloves.
  2645 | D:3      | 2645 ||| READING scroll of enchant armour.
  2645 | D:3      | 2645 ||| ENCHANTING +0 pair of gloves.
  2646 | D:3      | 2646 ||| READING scroll labelled EQI PARRIPIOT.
  2747 | D:3      | 2747 ||| DRINKING 2 sapphire potions.
  2748 | D:3      | 2748 ||| DRINKING 2 bubbling red potions.
  2749 | D:3      | 2749 ||| READING 4 scrolls of identify.
  2749 | D:3      | 2749 ||| IDENTIFYING green potion
  2750 | D:3      | 2750 ||| READING 3 scrolls of identify.
  2750 | D:3      | 2750 ||| IDENTIFYING dark potion
  2751 | D:3      | 2751 ||| READING 2 scrolls of identify.
  2751 | D:3      | 2751 ||| IDENTIFYING black potion
  2752 | D:3      | 2752 ||| DROPPING potion of brilliance.
  2753 | D:3      | 2753 ||| DROPPING potion of degeneration.
  2839 | D:4      | 2839 ||| INVOKING Heroism.
  2841 | D:4      | 2841 ||| DRINKING 2 potions of curing.
  2841 | D:4      | 2841 ||| (to cure confusion)
  2842 | D:4      | 2842 ||| Stepping ~*~*~tactically~*~*~ (outnumbered).
  2853 | D:4      | 2853 ||| DRINKING potion of curing.
  2853 | D:4      | 2853 ||| (to cure confusion)
  2854 | D:4      | 2854 ||| INVOKING Heroism.
  2868 | D:4      | Reached skill level 1 in Invocations
  2933 | D:4      | 2933 ||| INVOKING Heroism.
  2937 | D:4      | Reached skill level 10 in Ranged Weapons
  2975 | D:4      | Reached skill level 3 in Dodging
  3021 | D:4      | Found a shimmering altar of Xom.
  3061 | D:4      | 3061 ||| INVOKING Heroism.
  3068 | D:4      | Reached XP level 7. HP: 40/40 MP: 7/10
  3132 | D:4      | Reached skill level 1 in Armour
  3136 | D:4      | 3136 ||| INVOKING Heroism.
  3145 | D:4      | Reached skill level 3 in Invocations
  3204 | D:4      | 3204 ||| UPGRADING to +0 pair of boots.
  3209 | D:4      | 3209 ||| READING 3 scrolls of identify.
  3209 | D:4      | 3209 ||| IDENTIFYING orange potion
  3210 | D:4      | 3210 ||| READING 2 scrolls of identify.
  3210 | D:4      | 3210 ||| IDENTIFYING smoky clear potion
  3211 | D:4      | 3211 ||| DROPPING potion of attraction.
  3218 | D:4      | 3218 ||| STAIRDANCE
  3246 | D:4      | 3246 ||| STAIRDANCE
  3247 | D:3      | Noticed Jessica
  3250 | D:3      | Killed Jessica
  3377 | D:4      | Noticed Menkaure
  3378 | D:4      | 3378 ||| INVOKING Heroism.
  3383 | D:4      | Killed Menkaure
  3500 | D:4      | 3500 ||| INVOKING Heroism.
  3505 | D:4      | Reached skill level 11 in Ranged Weapons
  3541 | D:4      | Noticed Robin
  3542 | D:4      | 3542 ||| INVOKING Heroism.
  3545 | D:4      | Killed Robin
  3738 | D:4      | 3738 ||| UPGRADING to +1 helmet of see invisible.
  3743 | D:4      | 3743 ||| READING 3 scrolls labelled ILEUSH HIHOESTRU.
  3744 | D:4      | 3744 ||| DROPPING 2 scrolls of poison.
  3746 | D:4      | 3746 ||| Stepping ~*~*~tactically~*~*~ (cloud).
  3875 | D:5      | Entered Level 5 of the Dungeon
  3959 | D:5      | You fall into a shaft and drop 1 floor!
  4059 | D:6      | Reached XP level 8. HP: 44/44 MP: 13/13
  4064 | D:6      | 4064 ||| SWAPPING to +1 heavy orcbow.
  4065 | D:6      | 4065 ||| DROPPING +3 shortbow of freezing.
  4156 | D:6      | 4156 ||| READING scroll labelled KAFULO ZEEMU.
  4219 | D:5      | Reached skill level 12 in Ranged Weapons
  4226 | D:5      | 4226 ||| INVOKING Heroism.
  4233 | D:5      | Reached skill level 3 in Fighting
  4276 | D:5      | 4276 ||| INVOKING Heroism.
  4354 | D:5      | Found a burning altar of Makhleb.
  4402 | D:5      | 4402 ||| INVOKING Heroism.
  4525 | D:5      | 4525 ||| INVOKING Heroism.
  4528 | D:5      | Reached skill level 13 in Ranged Weapons
  4629 | D:5      | Found a staircase to the Ecumenical Temple.
  5277 | D:5      | Reached XP level 9. HP: 50/50 MP: 14/14
  5420 | D:5      | 5420 ||| INVOKING Heroism.
  5423 | D:5      | Reached skill level 14 in Ranged Weapons
  5445 | D:5      | 5445 ||| READING 2 scrolls labelled OCIUTOY YGOI.
  5446 | D:5      | 5446 ||| DRINKING 2 puce potions.
  5447 | D:5      | 5447 ||| READING 7 scrolls of identify.
  5447 | D:5      | 5447 ||| IDENTIFYING yellow potion
  5448 | D:5      | 5448 ||| READING 6 scrolls of identify.
  5448 | D:5      | 5448 ||| IDENTIFYING emerald potion
  5449 | D:5      | 5449 ||| READING 5 scrolls of identify.
  5449 | D:5      | 5449 ||| IDENTIFYING sedimented orange potion
  5450 | D:5      | 5450 ||| DROPPING potion of berserk rage.
  5451 | D:5      | 5451 ||| DROPPING potion of lignification.
  5452 | D:5      | 5452 ||| DROPPING scroll of noise.
  5783 | D:6      | 5783 ||| DROPPING ring of flight.
  5843 | D:7      | Identified the +0 leather armour of the Gloaming {rPois
                  | Dex+5}
  5851 | D:7      | Found a bloodstained altar of Trog.
  5853 | D:7      | 5853 ||| INVOKING Heroism.
  6021 | D:7      | 6021 ||| INVOKING Heroism.
  6044 | D:7      | 6044 ||| INVOKING Heroism.
  6173 | D:7      | 6173 ||| INVOKING Heroism.
  6175 | D:7      | Reached skill level 15 in Ranged Weapons
  6181 | D:7      | 6181 ||| Stepping ~*~*~tactically~*~*~ (cloud).
  6190 | D:7      | 6190 ||| FLEEEEING.
  6191 | D:7      | 6191 ||| FLEEEEING.
  6192 | D:7      | 6192 ||| FLEEEEING.
  6193 | D:7      | 6193 ||| FLEEEEING.
  6194 | D:7      | 6194 ||| FLEEEEING.
  6195 | D:7      | 6195 ||| FLEEEEING.
  6196 | D:7      | 6196 ||| FLEEEEING.
  6197 | D:7      | 6197 ||| FLEEEEING.
  6198 | D:7      | 6198 ||| FLEEEEING.
  6199 | D:7      | 6199 ||| FLEEEEING.
  6200 | D:7      | 6200 ||| FLEEEEING.
  6201 | D:7      | 6201 ||| FLEEEEING.
  6202 | D:7      | 6202 ||| FLEEEEING.
  6203 | D:7      | 6203 ||| FLEEEEING.
  6204 | D:7      | 6204 ||| FLEEEEING.
  6205 | D:7      | 6205 ||| FLEEEEING.
  6206 | D:7      | 6206 ||| STAIRDANCE
  6322 | D:6      | 6322 ||| UPGRADING to +0 leather armour of the Gloaming
                  | {rPois Dex+5}.
  6332 | D:6      | 6332 ||| DROPPING +0 ring mail.
  6333 | D:6      | 6333 ||| READING scroll labelled PAMIFY DAHA.
  6336 | D:7      | 6336 ||| STAIRDANCE
  6339 | D:6      | 6339 ||| INVOKING Heroism.
  6344 | D:6      | Reached skill level 6 in Dodging
  6491 | D:7      | Found a sparkling altar of Nemelex Xobeh.
  6523 | D:7      | Identified the orb "Astohat" {guile, Rampage *Slow rN++
                  | Dex+4}
  6746 | D:8      | 6746 ||| INVOKING Heroism.
  6763 | D:8      | Found Celan's One-of-a-Kind Rings.
  6766 | D:8      | Identified the +5 ring mail of Tupros {Int+5 Dex+2 Slay-4}
  6777 | D:8      | 6777 ||| BUYING +3 ring of evasion (130 gold).
  6777 | D:8      | Bought a +3 ring of evasion for 130 gold pieces
  6777 | D:8      | 6777 ||| SHOPLISTING +6 ring of slaying (1869 gold, have
                  | 267).
  6777 | D:8      | 6777 ||| SHOPLISTING +8 ring of strength (715 gold, have
                  | 267).
  6777 | D:8      | 6777 ||| SHOPLISTING ring "Curron" {Will++ Int-4 Dex+6}
                  | (631 gold, have 267).
  6819 | D:8      | 6819 ||| Stepping ~*~*~tactically~*~*~ (outnumbered).
  6823 | D:8      | 6823 ||| FLEEEEING.
  6824 | D:8      | 6824 ||| FLEEEEING.
  6834 | D:8      | 6834 ||| INVOKING Heroism.
  7010 | D:8      | Reached XP level 10. HP: 52/56 MP: 15/15
  7212 | D:8      | Found a snail-covered altar of Cheibriados.
  7257 | D:8      | 7257 ||| UPGRADING to +3 ring of evasion.
  7258 | D:8      | 7258 ||| READING scroll labelled OCHUECK URREOD.
  7259 | D:8      | 7259 ||| READING scroll labelled RIRODA QAM QAKK.
  7269 | D:9      | 7269 ||| INVOKING Heroism.
  7404 | D:9      | Found a shimmering altar of Xom.
  7406 | D:9      | 7406 ||| INVOKING Heroism.
  7406 | D:9      | Noticed a salamander
  7407 | D:9      | Killed from afar by an acid dragon

Levels and vault maps discovered:
D:1:      nzn_arrival_crosshair, layout_basic, minmay_tromino_v2
D:2:      layout_basic, basic_altar
D:3:      wander_river, layout_basic, nicolae_overflow_ecumenical_swirl,
          uniq_sigmund, uniq_jessica, uniq_terence
D:4:      minmay_angry_zag, layout_gridville, general_overflow_altar,
          minmay_joined_circles, uniq_robin, uniq_menkaure
D:5:      layout_layer_cave, bloody_makhleb, minmay_temple_entry_gardened_gates,
          serial_undead, serial_undead_e, serial_undead_c, serial_undead_c,
          serial_undead_e, serial_undead_c
D:6:      layout_loops_ring, serial_glass, glass_columns_b, glass_columns_a
D:7:      layout_rooms, hangedman_feature_mirror
D:8:      layout_rooms, lemuel_doored_altar, nicolae_shop_unique_rings,
          minivault_27
D:9:      layout_irregular_city, nicolae_gozag_zags_fifth_avenue,
          grunt_lair_entry_orc_guard_hut, minmay_ruined_shrine, uniq_psyche

Skill      XL: |  1  2  3  4  5  6  7  8  9 |
---------------+----------------------------+-----
Ranged Weapons | 6 7 9 10 11 13 15 | 15.6
Fighting       | 2 3 4 |  4.0
Invocations    | 2 4 |  4.1
Dodging        | 3 4 7 |  7.3
Armour         | 1 2 |  2.2
Stealth        | |  1.2

Action                     |  1- 3 |  4- 6 |  7- 9 | 10-12 || total
---------------------------+-------+-------+-------+-------++-------
   Fire: Shortbow          |   127 |    79 |    59 |       ||   265
         Orcbow            |       |       |   191 |    31 ||   222
 Invoke: Heroism           |       |     5 |    16 |     2 ||    23
    Use: Scroll            |     7 |     5 |     9 |     2 ||    23
         Potion            |     2 |     4 |     1 |       ||     7
 Armour: Scale mail        |    32 |     4 |       |       ||    36
         Ring mail         |       |    21 |    50 |       ||    71
         Leather armour    |       |       |     5 |     7 ||    12
  Dodge: Dodged            |    39 |    24 |   138 |    30 ||   231

Table legend:
 A = Non-vault XP
 B = Vault XP
 C = Vault XP percentage of total XP
 D = Non-vault monster count
 E = Vault monster count
 F = Vault count percentage of total count
                 A         B        C        D         E       F
            +---------+---------+-------+---------+---------+-------
      Total |    4118 |    1802 |  30.4 |     140 |      41 |  22.7
            +---------+---------+-------+---------+---------+-------
        D:1 |      29 |       4 |  12.1 |      17 |       1 |   5.6
        D:2 |      30 |       0 |   0.0 |      17 |       0 |   0.0
        D:3 |      67 |     296 |  81.5 |      19 |       3 |  13.6
        D:4 |     294 |     611 |  67.5 |      13 |      22 |  62.9
        D:5 |     720 |     553 |  43.4 |      20 |      11 |  35.5
        D:6 |     486 |       0 |   0.0 |       7 |       0 |   0.0
        D:7 |    1404 |     244 |  14.8 |      22 |       2 |   8.3
        D:8 |     918 |       0 |   0.0 |      20 |       0 |   0.0
        D:9 |     170 |      94 |  35.6 |       5 |       2 |  28.6
            +---------+---------+-------+---------+---------+-------
